3AAA
BRINKLEY BELUGAS @ HIALEAH DODOS
09/11/2020
 
TOP OF THE 1ST
Brinkley Belugas batting - Pitching for Hialeah Dodos : RHP José Guzmán
Pitching: RHP José Guzmán
Batting: RHB Shawn Hicks 0-0: Called Strike
0-1: Ball
1-1: Called Strike
1-2: Hit by Pitch
Batting: RHB Tomás Gonzáles 0-0: Ball
1-0: Called Strike
1-1: Ball
2-1: 2-RUN HOME RUN (Flyball, 9D), Distance : 391 ft
Batting: LHB Nick Leonard 0-0: Foul Ball, location: 2F
0-1: Called Strike
0-2: Foul Ball, location: 2F
0-2: Ball
1-2: Foul Ball, location: 2F
1-2: Strikes out swinging
Batting: LHB Roger Shaffer 0-0: Called Strike
0-1: Ground out 4-3 (Groundball, 4)
Batting: LHB Theodore Shaw 0-0: Ball
1-0: Ball
2-0: Swinging Strike
2-1: Called Strike
2-2: Foul Ball, location: 2F
2-2: Strikes out swinging
Top of the 1st over - 2 run(s), 1 hit(s), 0 error(s), 0 left on base; Brinkley 2 - Hialeah 0
BOTTOM OF THE 1ST
Hialeah Dodos batting - Pitching for Brinkley Belugas : RHP Raúl García
Pitching: RHP Raúl García
Batting: RHB Herman Cook 0-0: Swinging Strike
0-1: Called Strike
0-2: Ball
1-2: Ball
2-2: Strikes out swinging
Batting: LHB Álex Burgos 0-0: SOLO HOME RUN (Flyball, 9D), Distance : 384 ft
Batting: RHB Peter Baker 0-0: Called Strike
0-1: DOUBLE (Line Drive, 7LM)
Batting: RHB Ramón Gómez 0-0: Ball
1-0: Fly out, F7 (Flyball, 78XD)
Runner from 2nd tags up, SAFE at 3rd, no throw
Batting: LHB Jeff Conklin 0-0: Called Strike
0-1: Ball
1-1: Ball
2-1: Swinging Strike
2-2: Foul Ball, location: 2F
2-2: Ball
3-2: Base on Balls
Batting: RHB Ludwig Kluge 0-0: Called Strike
0-1: Ball
1-1: Ball
2-1: Ball
3-1: Swinging Strike
3-2: Foul Ball, location: 2F
3-2: Fly out, F9 (Flyball, 89M)
Bottom of the 1st over - 1 run(s), 2 hit(s), 0 error(s), 2 left on base; Brinkley 2 - Hialeah 1
TOP OF THE 2ND
Brinkley Belugas batting - Pitching for Hialeah Dodos : RHP José Guzmán
Batting: RHB Ilusuarte Viamonte 0-0: Foul Ball, location: 2F
0-1: Ball
1-1: Ball
2-1: Foul Ball, location: 2F
2-2: Foul Ball, location: 2F
2-2: Ball
3-2: SINGLE (Line Drive, 56)
Batting: RHB Gonzalo Núñez 0-0: Ball
1-0: Foul Ball, location: 2F
1-1: Swinging Strike
1-2: Strikes out swinging
Batting: LHB Arturo Acosta 0-0: Fly out, F7 (Flyball, 7D)
Batting: RHB Mark Field 0-0: Ball
1-0: Foul Ball, location: 2F
1-1: Ball
2-1: Ball
3-1: Base on Balls
Ilusuarte Viamonte to second
Batting: RHB Shawn Hicks 0-0: Called Strike
0-1: Called Strike
0-2: Ball
1-2: Foul Ball, location: 2F
1-2: Ground out 5-3 (Groundball, 5S)
Top of the 2nd over - 0 run(s), 1 hit(s), 0 error(s), 2 left on base; Brinkley 2 - Hialeah 1
BOTTOM OF THE 2ND
Hialeah Dodos batting - Pitching for Brinkley Belugas : RHP Raúl García
Batting: RHB Kelly Flint 0-0: Ball
1-0: Ball
2-0: Called Strike
2-1: Foul Ball, location: 2F
2-2: Ball
3-2: Foul Ball, location: 2F
3-2: Base on Balls
Batting: LHB Carl Gore 0-0: Ball
1-0: Ball
2-0: Ball
3-0: Called Strike
3-1: Fly out, F8 (Flyball, 8LXD)
Batting: LHB Albert González 0-0: Ball
1-0: Ball
2-0: Fly out, F7 (Line Drive, 78M)
Batting: RHB Herman Cook 0-0: Called Strike
0-1: Ball
1-1: Ground out 5-3 (Groundball, 5)
Bottom of the 2nd over - 0 run(s), 0 hit(s), 0 error(s), 1 left on base; Brinkley 2 - Hialeah 1
TOP OF THE 3RD
Brinkley Belugas batting - Pitching for Hialeah Dodos : RHP José Guzmán
Batting: RHB Tomás Gonzáles 0-0: Swinging Strike
0-1: Ball
1-1: SINGLE (Line Drive, 8LS)
Batting: LHB Nick Leonard 0-0: Called Strike
0-1: Foul Ball, location: 2F
0-2: Ball
1-2: Ball
2-2: Foul Ball, location: 2F
2-2: Ball
3-2: Base on Balls
Tomás Gonzáles to second
Batting: LHB Roger Shaffer 0-0: Foul Ball, location: 2F
0-1: Fly out, F8 (Flyball, 8LS)
Batting: LHB Theodore Shaw 0-0: Called Strike
0-1: Foul Ball, location: 2F
0-2: Strikes out swinging
Batting: RHB Ilusuarte Viamonte 0-0: Called Strike
0-1: Ball
1-1: Ball
2-1: Swinging Strike
2-2: Strikes out swinging
Top of the 3rd over - 0 run(s), 1 hit(s), 0 error(s), 2 left on base; Brinkley 2 - Hialeah 1
BOTTOM OF THE 3RD
Hialeah Dodos batting - Pitching for Brinkley Belugas : RHP Raúl García
Batting: LHB Álex Burgos 0-0: Called Strike
0-1: Ball
1-1: Ball
2-1: Ball
3-1: Fly out, F8 (Flyball, 8RD)
Batting: RHB Peter Baker 0-0: Ball
1-0: Fly out, F9 (Flyball, 89M)
Batting: RHB Ramón Gómez 0-0: Fly out, F9 (Flyball, 9M)
Bottom of the 3rd over - 0 run(s), 0 hit(s), 0 error(s), 0 left on base; Brinkley 2 - Hialeah 1
TOP OF THE 4TH
Brinkley Belugas batting - Pitching for Hialeah Dodos : RHP José Guzmán
Batting: RHB Gonzalo Núñez 0-0: Called Strike
0-1: SINGLE (Line Drive, 56D)
Batting: LHB Arturo Acosta 0-0: Ball
1-0: Ball
2-0: Ball
3-0: Base on Balls
Gonzalo Núñez to second
Batting: RHB Mark Field 0-0: Called Strike
0-1: Ball
1-1: Foul Ball, location: 2F
1-2: Strikes out swinging
Batting: RHB Shawn Hicks 0-0: Called Strike
0-1: DOUBLE (Line Drive, 78S)
Gonzalo Núñez scores
Arturo Acosta to third
Runner from 3rd tries for Home, SAFE, throw made home
Batting: RHB Tomás Gonzáles 0-0: Foul Ball, location: 2F
0-1: Ball
1-1: Ground out 5-3 (Groundball, 5S)
Shawn Hicks to third
Batting: LHB Nick Leonard 0-0: Called Strike
0-1: Called Strike
0-2: Fly out, F7 (Flyball, 7S)
Top of the 4th over - 2 run(s), 2 hit(s), 0 error(s), 1 left on base; Brinkley 4 - Hialeah 1
BOTTOM OF THE 4TH
Hialeah Dodos batting - Pitching for Brinkley Belugas : RHP Raúl García
Batting: LHB Jeff Conklin 0-0: Ball
1-0: Foul Ball, location: 2F
1-1: Swinging Strike
1-2: Ball
2-2: Foul Ball, location: 2F
2-2: Ball
3-2: Foul Ball, location: 2F
3-2: SOLO HOME RUN (Flyball, 9D), Distance : 381 ft
Batting: RHB Ludwig Kluge 0-0: Ball
1-0: SINGLE (Groundball, 4MD)
Batting: RHB Kelly Flint 0-0: Called Strike
0-1: Ball
Throwing error on steal attempt, E2
Ludwig Kluge to third
1-1: Swinging Strike
1-2: Foul Ball, location: 2F
1-2: Foul Ball, location: 2F
1-2: Ball
2-2: Strikes out swinging
Batting: LHB Carl Gore 0-0: Called Strike
0-1: Ball
1-1: Ball
2-1: Ball
3-1: Foul Ball, location: 2F
3-2: Ground out 4-3 (Groundball, 4M)
Ludwig Kluge scores
Batting: LHB Albert González 0-0: Ball
1-0: Ground out 6-3 (Groundball, 6)
Bottom of the 4th over - 2 run(s), 2 hit(s), 1 error(s), 0 left on base; Brinkley 4 - Hialeah 3
TOP OF THE 5TH
Brinkley Belugas batting - Pitching for Hialeah Dodos : RHP José Guzmán
Batting: LHB Roger Shaffer 0-0: Ball
1-0: Ground out U3 (Groundball, 3)
Batting: LHB Theodore Shaw 0-0: Ball
1-0: Foul Ball, location: 2F
1-1: Ball
2-1: Ground out U3 (Groundball, 3)
Batting: RHB Ilusuarte Viamonte 0-0: Ball
1-0: Swinging Strike
1-1: Ball
2-1: Ball
3-1: Base on Balls
Batting: RHB Gonzalo Núñez 0-0: Called Strike
0-1: Foul Ball, location: 2F
0-2: Ball
1-2: Ball
2-2: Foul Ball, location: 2F
2-2: Ball
3-2: SINGLE (Flyball, 8LS)
Ilusuarte Viamonte to second
Ilusuarte Viamonte to third
Batting: LHB Arturo Acosta 0-0: Ball
1-0: Foul Ball, location: 2F
1-1: Ball
2-1: Foul Ball, location: 2F
2-2: Fly out, F2 (Popup, 2RF)
Top of the 5th over - 0 run(s), 1 hit(s), 0 error(s), 2 left on base; Brinkley 4 - Hialeah 3
BOTTOM OF THE 5TH
Hialeah Dodos batting - Pitching for Brinkley Belugas : RHP Raúl García
Batting: RHB Herman Cook 0-0: SINGLE (Line Drive, 89M)
Batting: LHB Álex Burgos 0-0: Bunt - Flyout! F2
Batting: RHB Peter Baker 0-0: Ball
1-0: Fly out, F3 (Popup, 3F)
Batting: RHB Ramón Gómez 0-0: Fly out, F8 (Line Drive, 8LD)
Bottom of the 5th over - 0 run(s), 1 hit(s), 0 error(s), 1 left on base; Brinkley 4 - Hialeah 3
TOP OF THE 6TH
Brinkley Belugas batting - Pitching for Hialeah Dodos : RHP José Guzmán
Batting: RHB Mark Field 0-0: Ball
1-0: Reached on error, E6 (Groundball, 6)
Batting: RHB Shawn Hicks 0-0: Sac Bunt - play at first, batter OUT! 5-4
Mark Field to second
Pitching: RHP Brent Riley
Batting: RHB Tomás Gonzáles 0-0: Ball
1-0: Ball
2-0: SINGLE (Line Drive, 8LS)
Mark Field to third
Runner from 3rd tries for Home, SAFE, no throw or cutoff
Batting: LHB Nick Leonard 0-0: Called Strike
0-1: Foul Ball, location: 2F
0-2: Ball
1-2: Grounds out, U3 (Groundball, 3L)
Batting: LHB Roger Shaffer 0-0: Fly out, F7 (Flyball, 7M)
Top of the 6th over - 1 run(s), 1 hit(s), 1 error(s), 1 left on base; Brinkley 5 - Hialeah 3
BOTTOM OF THE 6TH
Hialeah Dodos batting - Pitching for Brinkley Belugas : RHP Raúl García
Batting: LHB Jeff Conklin 0-0: Ball
1-0: Ball
2-0: Called Strike
2-1: SINGLE (Line Drive, 8LS)
Batting: RHB Ludwig Kluge 0-0: Foul Ball, location: 2F
0-1: Ball
1-1: Ball
2-1: Ball
3-1: Called Strike
Passed Ball!
Jeff Conklin to second
3-2: Fly out, F8 (Line Drive, 8LM)
Batting: RHB Kelly Flint 0-0: Ball
1-0: Foul Ball, location: 2F
1-1: Ball
2-1: Fly out, F4 (Line Drive, 4)
Batting: LHB Carl Gore 0-0: Foul Ball, location: 2F
0-1: Ground out 4-3 (Groundball, 4S)
Bottom of the 6th over - 0 run(s), 1 hit(s), 0 error(s), 1 left on base; Brinkley 5 - Hialeah 3
TOP OF THE 7TH
Brinkley Belugas batting - Pitching for Hialeah Dodos : RHP Brent Riley
Batting: LHB Theodore Shaw 0-0: Called Strike
0-1: Ball
1-1: Ground out 4-3 (Groundball, 4)
Batting: RHB Ilusuarte Viamonte 0-0: Ball
1-0: Foul Ball, location: 2F
1-1: Ball
2-1: Swinging Strike
2-2: SINGLE (Groundball, 56)
Batting: RHB Gonzalo Núñez 0-0: Called Strike
0-1: Swinging Strike
0-2: Ground out U3 (Groundball, 3S)
Ilusuarte Viamonte to second
Batting: LHB Arturo Acosta 0-0: Ball
1-0: Ball
2-0: Foul Ball, location: 2F
2-1: Ball
3-1: Swinging Strike
3-2: Base on Balls
Pinch Hitting: RHB Roberto Ramírez 0-0: Ball
1-0: Foul Ball, location: 2F
1-1: SINGLE (Flyball, 78S)
Ilusuarte Viamonte to third
Arturo Acosta to second
Runner from 3rd tries for Home, SAFE, no throw or cutoff
Batting: RHB Shawn Hicks 0-0: Fly out, F8 (Flyball, 8LS)
Top of the 7th over - 1 run(s), 2 hit(s), 0 error(s), 2 left on base; Brinkley 6 - Hialeah 3
BOTTOM OF THE 7TH
Hialeah Dodos batting - Pitching for Brinkley Belugas : RHP Raúl García
Now at 2B: Edward Baker
Batting: LHB Albert González 0-0: Ball
1-0: Ball
2-0: Called Strike
2-1: Foul Ball, location: 2F
2-2: Ball
3-2: Strikes out swinging
Batting: RHB Herman Cook 0-0: Fly out, F9 (Popup, 89M)
Batting: LHB Álex Burgos 0-0: Ball
1-0: Called Strike
1-1: Ball
2-1: Ball
3-1: Base on Balls
Batting: RHB Peter Baker 0-0: Ball
1-0: Ground out 4-3 (Groundball, 34)
Bottom of the 7th over - 0 run(s), 0 hit(s), 0 error(s), 1 left on base; Brinkley 6 - Hialeah 3
TOP OF THE 8TH
Brinkley Belugas batting - Pitching for Hialeah Dodos : RHP Brent Riley
Batting: RHB Tomás Gonzáles 0-0: Foul Ball, location: 2F
0-1: Ball
1-1: Foul Ball, location: 2F
1-2: Ball
2-2: Fly out, F9 (Flyball, 9D)
Batting: LHB Nick Leonard 0-0: Called Strike
0-1: Fly out, F8 (Flyball, 8RD)
Batting: LHB Roger Shaffer 0-0: Swinging Strike
0-1: Foul Ball, location: 2F
0-2: Ball
1-2: Foul Ball, location: 2F
1-2: Ground out 1-3 (Groundball, 13S)
Top of the 8th over - 0 run(s), 0 hit(s), 0 error(s), 0 left on base; Brinkley 6 - Hialeah 3
BOTTOM OF THE 8TH
Hialeah Dodos batting - Pitching for Brinkley Belugas : RHP Raúl García
Batting: RHB Ramón Gómez 0-0: Foul Ball, location: 2F
0-1: Hit by Pitch
Pitching: RHP Jim Unknown
Batting: LHB Jeff Conklin 0-0: Ball
1-0: Called Strike
1-1: Ball
2-1: Foul Ball, location: 2F
2-2: Foul Ball, location: 2F
2-2: SINGLE (Groundball, 3D)
Ramón Gómez to second
Runner from 2nd tries for 3rd, SAFE, throw made to third
Jeff Conklin to second
Batting: RHB Ludwig Kluge 0-0: Ball
1-0: Called Strike
1-1: Ball
2-1: Foul Ball, location: 2F
2-2: Strikes out looking
Batting: RHB Kelly Flint 0-0: Called Strike
0-1: Swinging Strike
0-2: Foul Ball, location: 2F
0-2: Ball
1-2: Ball
2-2: Fly out, F8 (Flyball, 8RM)
Runner from 3rd tags up, SCORES, no throw
Batting: LHB Carl Gore 0-0: Called Strike
0-1: Swinging Strike
0-2: Ball
1-2: Ball
2-2: Strikes out swinging
Bottom of the 8th over - 1 run(s), 1 hit(s), 0 error(s), 1 left on base; Brinkley 6 - Hialeah 4
TOP OF THE 9TH
Brinkley Belugas batting - Pitching for Hialeah Dodos : RHP Brent Riley
Pitching: RHP Gary Williams
Batting: LHB Theodore Shaw 0-0: Ball
1-0: Ball
2-0: Fly out, F9 (Flyball, 9LM)
Pitching: RHP Jim Unknown
Batting: RHB Ilusuarte Viamonte 0-0: Called Strike
0-1: Swinging Strike
0-2: Foul Ball, location: 2F
0-2: Ball
1-2: Ball
2-2: SINGLE (Line Drive, 78M)
Batting: RHB Gonzalo Núñez 0-0: Swinging Strike
0-1: Ball
1-1: Ball
2-1: Swinging Strike
2-2: Ball
3-2: Base on Balls
Ilusuarte Viamonte to second
Batting: LHB Arturo Acosta 0-0: Ball
1-0: Ground out U3 (Groundball, 3S)
Ilusuarte Viamonte to third
Gonzalo Núñez to second
Pinch Hitting: LHB Horace Ritchie 0-0: Called Strike
0-1: Called Strike
0-2: SINGLE (Groundball, 25) (infield hit)
Ilusuarte Viamonte scores
Gonzalo Núñez to third
Batting: RHB Shawn Hicks 0-0: Called Strike
0-1: Ball
1-1: Ground out 6-3 (Groundball, 6)
Top of the 9th over - 1 run(s), 2 hit(s), 0 error(s), 2 left on base; Brinkley 7 - Hialeah 4
BOTTOM OF THE 9TH
Hialeah Dodos batting - Pitching for Brinkley Belugas : RHP Jim Unknown
Now at 2B: Wilber Moon
Batting: LHB Albert González 0-0: Called Strike
0-1: Ground out 1-3 (Groundball, 25)
Batting: RHB Herman Cook 0-0: Ball
1-0: Swinging Strike
1-1: Ball
2-1: Called Strike
2-2: Foul Ball, location: 2F
2-2: Fly out, F9 (Flyball, 9M)
Batting: LHB Álex Burgos 0-0: Ground out 4-3 (Groundball, 4)
Bottom of the 9th over - 0 run(s), 0 hit(s), 0 error(s), 0 left on base; Brinkley 7 - Hialeah 4
This league is powered by Out of the Park Baseball, the baseball management simulation game for PC, Mac and Linux
Friday, October 23rd, 2015 - OOTP Baseball 16.9 Build 39